AoeStats
← 柳巷镇清一色

Black Forest

506084587Analyzed
3v3 RM · 21d ago on Sep 12, 2026· 72m 7s· 6 players
Game mode
Random Map
Map size
Normal (6 player)
Population
200
Speed
Normal
Resources
Standard
Victory
Conquest
Starting age
Dark Age
Ending age
Imperial Age
RankedLock teamsTeams togetherTeam positionsShared explorationLock speedFull tech treeHidden civsTurbo modeCheats
Victory
Defeat
🇫🇷 Teutons · France
798
+8
🇨🇳 Spanish · China
718
+11
🇨🇳 Vikings · China
520
+20
🇨🇳 Teutons · China
677
-16
🇮🇳 Bengalis · India
618
-13
🇨🇳 Bohemians · China
534
-10
Dr Hitman
6:19 Loom
14:07 Feudal Age
14:36 Double-Bit Axe
14:36 Horse Collar
21:48 Castle Age
27:15 Gold Mining
31:44 Heavy Plow
32:00 Bow Saw
36:33 Caravan
40:41 Husbandry
40:53 Bloodlines
43:01 Light Cavalry
51:52 Paiks
64:57 Imperial Age
65:11 Heavy Scorpion
天皇笑川
0:33 Loom
13:22 Feudal Age
13:43 Horse Collar
13:51 Double-Bit Axe
14:44 Wheelbarrow
23:05 Castle Age
26:56 Bow Saw
32:47 Imperial Age
30:35 Hand Cart
32:38 Treadmill Crane
33:08 Masonry
33:20 Ballistics
34:01 Chemistry
33:13 Fortified Wall
34:52 Murder Holes
36:01 Chemistry
35:11 Fortified Wall
40:14 Wagenburg Tactics
41:53 Architecture
41:29 Siege Engineers
42:51 Two-Man Saw
41:55 Elite Hussite Wagon
46:17 Conscription
46:41 Houfnice
47:53 Onager
柳巷镇清一色
13:56 Feudal Age
12:24 Loom
20:28 Fletching
50:03 Castle Age
牛人玩牛牛游!
13:44 Feudal Age
15:08 Double-Bit Axe
16:38 Man-at-Arms
29:57 Castle Age
35:03 Bow Saw
34:35 Horse Collar
42:33 Imperial Age
40:34 Elite Skirmisher
41:30 Gold Mining
41:31 Stone Mining
43:50 Conscription
42:52 Elite Berserk
43:33 Chieftains
46:06 Onager
46:10 Pikeman
46:38 Gambesons
47:13 Fletching
47:24 Padded Archer Armor
48:40 Ballistics
49:02 Gold Shaft Mining
49:31 Two-Man Saw
48:34 Heavy Plow
52:18 Cavalier
Klaus
0:41 Loom
14:30 Feudal Age
14:59 Town Watch
19:35 Castle Age
18:07 Horse Collar
21:05 Double-Bit Axe
28:52 Wheelbarrow
28:43 Gold Mining
32:16 Padded Archer Armor
36:57 Imperial Age
35:22 Leather Archer Armor
37:14 Bloodlines
37:04 Husbandry
37:20 Masonry
37:37 Elite Conquistador
38:43 Conscription
40:29 Chemistry
40:05 Heavy Plow
40:18 Bow Saw
41:42 Fortified Wall
49:03 Caravan
49:36 Ring Archer Armor
49:38 Architecture
49:04 Murder Holes
56:26 Stone Mining
56:29 Fletching
56:49 Forging
56:45 Scale Barding Armor
57:04 Ballistics
56:12 Light Cavalry
60:19 Two-Man Saw
61:20 Hoardings
61:07 Supremacy
69:25 Bombard Tower
Hannibal Barca
0:53 Loom
15:55 Feudal Age
17:31 Wheelbarrow
16:38 Horse Collar
16:47 Double-Bit Axe
20:35 Man-at-Arms
21:35 Arson
24:38 Forging
24:28 Scale Mail Armor
25:44 Town Watch
33:50 Castle Age
31:59 Gold Mining
32:18 Stone Mining
35:01 Squires
35:50 Bow Saw
35:43 Heavy Plow
36:20 Stone Shaft Mining
35:56 Gambesons
36:52 Hand Cart
36:57 Caravan
38:09 Ballistics
40:29 Town Patrol
44:45 Imperial Age
44:45 Fortified Wall
46:26 Two-Man Saw
46:03 Crop Rotation
45:55 Conscription
46:18 Iron Casting
45:59 Chain Mail Armor
47:43 Ironclad
48:27 Blast Furnace
48:35 Elite Teutonic Knight
48:49 Capped Ram
50:22 Plate Mail Armor
50:03 Onager
52:48 Ironclad
52:16 Arrowslits
54:31 Crenellations
54:47 Hoardings
54:33 Siege Engineers
57:37 Chemistry
56:47 Masonry
56:30 Heated Shot
57:25 Coinage
57:06 Guilds
59:19 Bombard Tower
58:49 Guard Tower
58:40 Cavalier
59:31 Bloodlines
59:43 Scale Barding Armor
61:18 Chain Barding Armor
61:36 Siege Onager
62:56 Keep
63:20 Banking
64:22 Fletching
65:08 Plate Barding Armor
66:32 Sappers
70:14 Padded Archer Armor
70:09 Bodkin Arrow
70:50 Plate Barding Armor
Connection lost

Rejoining the realm…

Still unreachable

The connection could not be restored.

Session expired

The server has moved on; the page needs a fresh start.